 Dungeon Crawl Stone Soup version 0.30-a0-618-gd6c86c23d0 (webtiles) character file.

Game seed: 13065316614892694035

3985 tsouns the Frost Mage (level 10, -1/56 HPs)
             Began as a Tengu Ice Elementalist on Jan 9, 2023.
             Was a High Priest of Ru.
             Slain by a steam dragon (9 damage)
             ... on level 8 of the Dungeon.
             The game lasted 00:22:39 (7966 turns).

tsouns the Frost Mage (Tengu Ice Elementalist)      Turns: 7966, Time: 00:22:40

Health: -1/56      AC:  9    Str:  8    XL:     10   Next: 22%
Magic:  7/24       EV: 20    Int: 19    God:    Ru [*****.]
Gold:   451        SH:  0    Dex: 16    Spells: 16/27 levels left

rFire   . . .      SeeInvis .    i - +0 spear (elec)
rCold   . . .      Faith    .    (shield unavailable)
rNeg    . . .      Spirit   .    a - +1 robe
rPois   .          Reflect  .    (helmet restricted)
rElec   .          Harm     .    h - +0 cloak
rCorr   .          Rampage  .    (no gloves)
Will    +....                    (boots unavailable)
Stlth   ++                       b - amulet of the acrobat
HPRegen 0.29/turn                (ring unavailable)
MPRegen 0.19/turn                s - +5 ring of evasion

@: marked, freezing walls, flying quickly and evasively, slowed, very slow
A: beak, talons 3, missing a hand, inability to use devices, nimble flight,
iridescent scales 2, strong-willed 1, shaggy fur 1
a: Renounce Religion, Draw Out Power, Power Leap, Apocalypse


You were on level 8 of the Dungeon.
You worshipped Ru.
Ru was extremely pleased with you.
You visited 2 branches of the dungeon, and saw 9 of its levels.

You collected 451 gold pieces.

Inventory:

Hand Weapons
 i - a +0 spear of electrocution (weapon)
 m - a +3 dagger of draining
Armour
 a - a +1 robe (worn)
 h - a +0 cloak (worn)
Jewellery
 b - an amulet of the acrobat (around neck)
 d - a ring of fire
 e - a ring of willpower
 o - a ring of poison resistance
 q - a ring of see invisible
 r - a +6 ring of intelligence
 s - a +5 ring of evasion (right hand)
Scrolls
 c - a scroll of magic mapping
 f - 4 scrolls of teleportation
 k - 2 scrolls of fear
 t - a scroll of enchant weapon
 A - a scroll of poison
 B - a scroll of immolation
 C - 2 scrolls of amnesia
Potions
 g - a potion of haste
 j - a potion of lignification
 l - a potion of attraction
 n - 2 potions of flight
 p - 2 potions of cancellation
 u - a potion of invisibility
 w - a potion of curing


   Skills:
 + Level 3.3 Fighting
 + Level 3.6 Polearms
 - Level 2.1 Dodging
 - Level 2.0 Stealth
 + Level 9.1 Spellcasting
 + Level 9.6 Ice Magic


You had 16 spell levels left.
You knew the following spells:

 Your Spells              Type           Power      Damage    Failure   Level
a - Freeze                Ice            100%       1d10      1%          1
b - Frozen Ramparts       Ice            90%        1d14      1%          3
c - Ozocubu's Armour      Ice            45%        N/A       1%          3
d - Summon Ice Beast      Ice/Summ       26%        N/A       11%         4

Your spell library contained the following spells:

 Spells                   Type           Power      Damage    Failure   Level
 Sandblast                Erth           16%        2d6       9%          1
 Passwall                 Tmut/Erth      6%         N/A       12%         2
 Stone Arrow              Conj/Erth      16%        3d8       24%         3
 Vhi's Electric Charge    Tloc/Air       16%        N/A       24%         3
 Animate Armour           Summ/Erth      16%        N/A       63%         4
 Animate Dead             Necr           8%         N/A       63%         4
 Arcjolt                  Conj/Air       4%         1d14      92%         5
 Haunt                    Necr/Summ      4%         N/A       100%        7
 Infestation              Necr           4%         N/A       100%        8
 Lehudib's Crystal Spear  Conj/Erth      4%         10d3      100%        8
 Maxwell's Capacitive Co  Air            4%         ∞         100%        8


Dungeon Overview and Level Annotations

Branches:
Dungeon (8/15)             Temple (1/1) D:4            Lair (0/5) D:8

Altars:
Ashenzari
Cheibriados
Dithmenos
Fedhas
Gozag
Kikubaaqudgha
Makhleb
Nemelex Xobeh
Okawaru
Qazlal
Ru
Sif Muna
Trog
Uskayaw
Vehumet
Wu Jian
Xom
Yredelemnul
Zin
The Shining One

Shops:
D:1 *


Innate Abilities, Weirdness & Mutations

You have a beak for a mouth.
You have claws for feet.
You are missing a hand.
You cannot study or use magical devices.
Your magical nature lets you fly swiftly and evasively.
You are mostly covered in iridescent scales. (AC +4)
You are strong-willed. (Will+)
You are covered in fur. (AC +1)


Message History

The steam dragon is moderately wounded.
The frozen ramparts melt away.
The steam dragon closely misses you. The steam dragon completely misses you.
The steam dragon breathes steam at you. The ball of steam hits you!
The orc completely misses you. The heat melts your icy armour.
Unknown command.
Casting: Freeze (safe; 1% risk of failure)
Confirm with . or Enter, or press ? or * to list all spells.
Aiming: Freeze (safe; 1% risk of failure)
Press: ? - help, Shift-Dir - straight line, f/p - steam dragon
Aim: a steam dragon (moderately wounded, catching its breath)
You freeze the steam dragon.
The steam dragon is heavily wounded.
You are engulfed in a cloud of scalding steam.
The steam dragon is stunned by your conviction and fails to attack.
The orc hits you but does no damage. The heat melts your icy armour.
Casting: Freeze (safe; 1% risk of failure)
Confirm with . or Enter, or press ? or * to list all spells.
Aiming: Freeze (safe; 1% risk of failure)
Press: ? - help, Shift-Dir - straight line, f - orc, p - steam dragon
Aim: an orc, wielding a +0 hand axe (almost dead)
Okay, then.
Casting: Freeze (safe; 1% risk of failure)
Confirm with . or Enter, or press ? or * to list all spells.
Casting: Frozen Ramparts (safe; 1% risk of failure)
Press: ? - help, Dir - look around, f - activate
There is a cloud of steam here.
The walls around you are covered in ice.
You are engulfed in a cloud of scalding steam.
Your icy armour melts away.
* * * LOW HITPOINT WARNING * * *
The wall freezes the steam dragon but does no damage.
The steam dragon closely misses you.
The steam dragon claws you but does no damage.
The wall freezes the orc!
You kill the orc!
The wall freezes the steam dragon.
The steam dragon bites you!
You die...

#...≈~≈...♣. #.# ##..≈≈~≈≈....
#... ...~~♣~~....
....##..≈≈~≈≈....
#o.......≈~≈...♣ #....o).......♣
#......#))D..♣ #....[..#@#
##.##########.)§.##
.........#....§...#
.#.#####...###......#############
#...###...................
##............#.# #........
####.#.##.......##.# #.###'###
#................#.# #.#....##
#.##...............# #.#Y#..##


You could see a steam dragon (catching breath).

Vanquished Creatures
  A death yak (D:8)
  A troll (D:6)
  Sigmund (D:2)
  A wraith (D:8)
  2 steam dragons
  3 water moccasins
  2 sky beasts
  An orc warrior (D:7)
  3 ice beasts
  A phantom (D:6)
  2 kobold brigands (D:8)
  2 bullfrogs (D:7)
  A necrophage (D:6)
  6 scorpions
  3 howler monkeys
  3 hounds
  2 jellies
  5 orc priests
  Natasha (thrice) (D:3)
  3 iguanas
  7 orc wizards
  Robin (D:2)
  9 adders
  A white imp (D:6)
  An ufetubus (D:5)
  A dart slug (D:1)
  33 orcs
  5 endoplasms
  4 giant cockroaches
  12 goblins
  10 hobgoblins
  20 kobolds
  4 quokkas
  2 ball pythons
  4 bats
  5 frilled lizards
  14 rats
179 creatures vanquished.

Vanquished Creatures (collateral kills)
  A phantom (D:5)
1 creature vanquished.

Grand Total: 180 creatures vanquished

Notes
Turn   | Place    | Note
-------+----------+-------------------------------------------
     0 | D:1      | tsouns the Tengu Ice Elementalist began the quest for the
                  | Orb.
     0 | D:1      | Reached XP level 1. HP: 10/10 MP: 4/4
   150 | D:1      | Found Ylionuf's Assorted Antiques.
   407 | D:1      | Reached XP level 2. HP: 9/15 MP: 4/6
  1137 | D:2      | Noticed Sigmund
  1148 | D:2      | Killed Sigmund
  1149 | D:2      | Reached XP level 3. HP: 14/19 MP: 1/9
  1149 | D:2      | Reached XP level 4. HP: 18/24 MP: 1/10
  1149 | D:2      | Gained mutation: Your magical nature lets you fly swiftly
                  | and evasively. [Tengu growth]
  1149 | D:2      | Reached XP level 5. HP: 21/28 MP: 1/11
  1268 | D:2      | Learned a level 3 spell: Frozen Ramparts
  1272 | D:2      | Learned a level 3 spell: Ozocubu's Armour
  1277 | D:2      | Learned a level 4 spell: Summon Ice Beast
  1297 | D:2      | Reached skill level 5 in Ice Magic
  1688 | D:2      | Noticed Robin
  1692 | D:2      | Killed Robin
  2124 | D:3      | Reached XP level 6. HP: 32/32 MP: 11/13
  2161 | D:3      | Noticed a water moccasin
  2169 | D:3      | Killed a water moccasin
  2236 | D:3      | Found a stormy altar of Qazlal.
  2240 | D:3      | Noticed Natasha
  2248 | D:3      | Killed Natasha
  2873 | D:3      | Noticed Natasha
  2879 | D:3      | Killed Natasha
  2898 | D:3      | Noticed Natasha
  2903 | D:3      | Killed Natasha
  2904 | D:3      | Reached XP level 7. HP: 36/36 MP: 9/15
  2957 | D:4      | Reached skill level 5 in Spellcasting
  3117 | D:4      | Found a staircase to the Ecumenical Temple.
  3131 | Temple   | Entered the Ecumenical Temple
  3364 | Temple   | Became a worshipper of Ru the Awakened
  3799 | D:5      | Entered Level 5 of the Dungeon
  3821 | D:5      | You are sucked into a shaft and drop 2 floors!
  3844 | D:7      | Reached XP level 8. HP: 28/41 MP: 4/17
  4008 | D:7      | Gained mutation: You sometimes lose your temper in combat.
                  | [potion of mutation]
  4008 | D:7      | Gained mutation: Your mind is acute. (Int +4, Str/Dex -1)
                  | [potion of mutation]
  4008 | D:7      | Gained mutation: You are somewhat resistant to further
                  | mutation. [potion of mutation]
  4008 | D:7      | Gained mutation: You are strong-willed. (Will+) [potion of
                  | mutation]
  4010 | D:7      | Lost mutation: You sometimes lose your temper in combat.
                  | [potion of mutation]
  4010 | D:7      | Lost mutation: Your mind is acute. (Int +4, Str/Dex -1)
                  | [potion of mutation]
  4010 | D:7      | Lost mutation: You are somewhat resistant to further
                  | mutation. [potion of mutation]
  4010 | D:7      | Gained mutation: You are dopey. (Int -2) [potion of
                  | mutation]
  4010 | D:7      | Gained mutation: You occasionally shout uncontrollably at
                  | your foes. [potion of mutation]
  4351 | D:5      | Found a hide-covered altar of Uskayaw.
  4474 | D:5      | Found a burning altar of Makhleb.
  4845 | D:5      | Gained mutation: You cannot study or use magical devices.
                  | [Ru sacrifice]
  4845 | D:5      | Reached * piety under Ru
  4845 | D:5      | Reached ** piety under Ru
  5640 | D:6      | Found a shadowy altar of Dithmenos.
  5699 | D:6      | Reached XP level 9. HP: 45/45 MP: 21/21
  6122 | D:6      | Noticed a troll
  6127 | D:6      | Killed a troll
  6434 | D:7      | Found an opulent altar of Gozag.
  7049 | D:7      | Found an iron altar of Okawaru.
  7050 | D:7      | Found a bloodstained altar of Trog.
  7051 | D:7      | Found a blossoming altar of Fedhas.
  7200 | D:7      | Found the +5 woodcutter's axe
  7311 | D:8      | Reached skill level 1 in Fighting
  7311 | D:8      | Reached skill level 1 in Polearms
  7328 | D:8      | Gained mutation: You are missing a hand. [Ru sacrifice]
  7328 | D:8      | Reached *** piety under Ru
  7328 | D:8      | Reached **** piety under Ru
  7328 | D:8      | Reached ***** piety under Ru
  7662 | D:8      | Lost mutation: You occasionally shout uncontrollably at
                  | your foes. [potion of mutation]
  7662 | D:8      | Lost mutation: You are strong-willed. (Will+) [potion of
                  | mutation]
  7662 | D:8      | Lost mutation: You are dopey. (Int -2) [potion of mutation]
  7662 | D:8      | Gained mutation: You are partially covered in iridescent
                  | scales. (AC +2) [potion of mutation]
  7662 | D:8      | Gained mutation: You are covered in fur. (AC +1) [potion of
                  | mutation]
  7662 | D:8      | Gained mutation: You are mostly covered in iridescent
                  | scales. (AC +4) [potion of mutation]
  7662 | D:8      | Gained mutation: You are strong-willed. (Will+) [potion of
                  | mutation]
  7738 | D:8      | Noticed a death yak
  7739 | D:8      | Noticed a death yak
  7741 | D:8      | Found a staircase to the Lair.
  7743 | D:8      | Noticed a death yak
  7754 | D:8      | Killed a death yak
  7755 | D:8      | Reached XP level 10. HP: 20/56 MP: 12/24
  7966 | D:8      | Slain by a steam dragon

Illustrated notes

Levels and vault maps discovered:
D:1:      nzn_arrival_settlement, layout_basic, serial_shops,
          nicolae_shop_statue_plus, minmay_pentomino_o4
D:2:      layout_loops_ring, uniq_robin, uniq_sigmund
D:3:      minmay_angry_zag, layout_basic, nicolae_qazlal_general_emergency,
          minmay_crystal_room, uniq_natasha
D:4:      layout_rooms, minmay_temple_entry_junction_2
D:5:      layout_rooms, eat_drink_and_be_merry_uskayaw, bloody_makhleb,
          serial_co_window_serial, co_window_paths_a, co_window_corner_a,
          co_window_of_opportunity_a, co_window_paths_a, co_window_paths_a,
          co_window_paths_b, co_window_corner_a, co_window_2corner,
          co_window_broadway_b, co_window_2corner, co_window_corner_cb,
          co_window_2corner, glass_columns_a, glass_columns_b, glass_columns_b,
          glass_columns_b
D:6:      layout_loops_ring, kennysheep_mini
D:7:      layout_layer_cave, nicolae_gozag_seed_capital,
          chequers_temple_overflow_statue_of_worship
D:8:      layout_basic, elyvilon_altar_3, dpeg_lair_monsters
Temple:   hellmonk_temple_flake

Skill      XL: |  1  2  3  4  5  6  7  8  9 |
---------------+----------------------------+-----
Ice Magic      | 4 5 6 8 9 |  9.6
Spellcasting   | 3 4 5 7 9 |  9.1
Fighting       | 3 |  3.3
Polearms       | 3 |  3.6
Dodging        | |  2.1
Stealth        | |  2.0

Action                   |  1- 3 |  4- 6 |  7- 9 | 10-12 || total
-------------------------+-------+-------+-------+-------++-------
Melee: Unarmed           |     6 |       |       |       ||     6
       Peck              |     1 |     5 |    21 |       ||    27
       Kick              |     1 |     4 |    34 |       ||    39
       Dagger            |       |    32 |    94 |       ||   126
       Spear             |       |     6 |    16 |     2 ||    24
       Punch             |       |       |     2 |       ||     2
 Cast: Freeze            |    31 |    38 |   134 |    11 ||   214
       Frozen Ramparts   |       |     6 |    29 |     3 ||    38
       Summon Ice Beast  |       |       |     3 |       ||     3
       Ozocubu's Armour  |       |       |     3 |     1 ||     4
Invok: Sacrifice Artific |       |       |     1 |       ||     1
       Sacrifice a Hand  |       |       |     1 |       ||     1
  Use: Scroll            |       |    10 |     9 |       ||    19
       Potion            |       |       |    12 |       ||    12
 Stab: Sleeping          |       |     9 |     4 |       ||    13
Armor: Robe              |     4 |     7 |    53 |     5 ||    69
Dodge: Dodged            |    19 |    32 |   140 |    12 ||   203

Table legend: (Time is in decaauts)
 A = Elapsed time spent in this place.
 B = Non-inter-level travel time spent in this place.
 C = Inter-level travel time spent in this place.
 D = Time resting spent in this place.
 E = Time spent auto-exploring this place.
 F = Levels seen in this place.
 G = Mean time per level.
                   A        B        C        D        E       F      G
               +--------+--------+--------+--------+--------+-----+--------+
         Total |   7559 |   7356 |    203 |      0 |   6010 |   9 |  839.9 |
       Dungeon |   7331 |   7149 |    182 |      0 |   5817 |   8 |  916.4 |
        Temple |    227 |    207 |     20 |      0 |    193 |   1 |  227.0 |
               +--------+--------+--------+--------+--------+-----+--------+

Top non-repeatable levels by time:
     D:7: 1376 daAuts
     D:1: 1122 daAuts
     D:5: 1057 daAuts
     D:6: 946 daAuts
     D:3: 906 daAuts
     D:2: 851 daAuts
     D:8: 545 daAuts
     D:4: 526 daAuts
  Temple: 227 daAuts
